 Dungeon Crawl Stone Soup version 0.22-a0-448-g1fb7470 (webtiles) character file.

5691 grizmgrazm2 the Martial Artist (level 10, -3/83 HPs)
             Began as a Minotaur Monk on June 4, 2018.
             Was a Believer of Wu Jian.
             Killed by divine providence
             ... invoked by an orc priest
              (14 damage)
             ... on level 8 of the Dungeon.
             The game lasted 00:22:29 (7557 turns).

grizmgrazm2 the Martial Artist (Minotaur Monk)      Turns: 7557, Time: 00:22:30

Health: -3/83      AC: 10    Str: 16    XL:     10   Next: 47%
Magic:  9/9        EV: 18    Int:  7    God:    Wu Jian [**....]
Gold:   499        SH:  0    Dex: 18    Spells: 9/9 levels left

rFire    . . .     SeeInvis .     - Unarmed
rCold    + . .     Gourm    .   (no shield)
rNeg     . . .     Faith    .   a - +2 robe
rPois    .         Spirit   .   u - +2 hat
rElec    .         Reflect  .   x - scarf {repulsion}
rCorr    .         Harm     .   c - +1 pair of gloves
MR       .....                  (no boots)
Stlth    ++........             (no amulet)
HPRegen  0.23/turn              j - ring of protection from cold
MPRegen  0.11/turn              (no ring)

@: drained, repel missiles
A: retaliatory headbutt, horns 2, slimy green scales 1, agile 1, blurry vision
1, screaming 1
a: Wall Jump, Renounce Religion


You were on level 8 of the Dungeon.
You worshipped Wu Jian.
Wu Jian was pleased with you.
You were not hungry.

You visited 2 branches of the dungeon, and saw 9 of its levels.
You also visited: Sewer.

You collected 499 gold pieces.

Inventory:

Hand Weapons
 l - the +6 whip "Killer Klown's Peril" {venom, +Inv rF+ Str-4}
   (You found it on level 4 of the Dungeon)

   It poisons the flesh of those it strikes.
   It affects your strength (-4).
   It protects you from fire.
   It lets you turn invisible.
Armour
 a - a +2 robe (worn)
 c - a +1 pair of gloves (worn)
 u - a +2 hat (worn)
 w - the +0 pair of gloves of the Depths {+Inv rF+ rC-}
   (You found it on level 7 of the Dungeon)

   It protects you from fire.
   It makes you vulnerable to cold.
   It lets you turn invisible.
 x - a scarf of repulsion (worn)
Jewellery
 j - a ring of protection from cold (left hand)
 r - an uncursed amulet of magic regeneration
 z - an uncursed ring of teleportation
Wands
 s - a wand of iceblast (9)
 t - a wand of disintegration (26)
 v - a wand of acid (17)
Scrolls
 f - 2 scrolls of fog
 g - 3 scrolls of amnesia
 i - 2 scrolls of enchant weapon
 k - 3 scrolls of teleportation
 m - 3 scrolls of magic mapping
 n - a scroll of remove curse
 q - a scroll of fear
 y - 2 scrolls of identify
 A - a scroll of silence {unknown}
Potions
 d - 2 potions of flight
 e - a potion of brilliance {unknown}
 h - 2 potions of berserk rage {unknown}
 o - 2 potions of haste {unknown}
 p - a potion of degeneration {unknown}
Comestibles
 b - 10 rations
 B - 3 chunks of flesh


   Skills:
 + Level 6.1(5.6) Fighting
 + Level 9.0(8.5) Dodging
 - Level 1.7(1.2) Stealth
 + Level 14.1(13.4) Unarmed Combat


You had 9 spell levels left.
You didn't know any spells.
Your spell library was empty.

Dungeon Overview and Level Annotations

Branches:
Dungeon (8/15)             Temple (1/1) D:5            Lair (0/6) D:8

Altars:
Ashenzari
Cheibriados
Dithmenos
Elyvilon
Fedhas
Gozag
Hepliaklqana
Kikubaaqudgha
Makhleb
Nemelex Xobeh
Okawaru
Qazlal
Ru
Sif Muna
Trog
Uskayaw
Vehumet
Wu Jian
Xom
Yredelemnul
Zin
The Shining One

Shops:
D:4 [


Innate Abilities, Weirdness & Mutations

You reflexively headbutt those who attack you in melee.
You have a pair of horns on your head.
You are partially covered in slimy green scales. (AC +2)
You are agile. (Dex +2)
Scrolls take you a little longer to read.
You occasionally shout uncontrollably at your foes.


Message History

The orc warrior is severely wounded.
The orc warrior hits you with a scimitar.
You closely miss the orc warrior. You headbutt the orc warrior.
The orc warrior is almost dead.
The orc warrior hits you with a scimitar!
* * * LOW HITPOINT WARNING * * *
You barely miss the orc warrior.
The orc warrior is almost dead.
You hit the orc warrior.
You kill the orc warrior!
The Council accepts your kill.
The orc priest invokes the aid of Beogh against you.
Pain shoots through your body!
* * * LOW HITPOINT WARNING * * *
You punch the orc!
You kill the orc!
The Council accepts your kill.
The orc priest mumbles some strange prayers to Beogh against you.
Beogh smites you!
You die...

....P..P>PP.P....####
P....P...PP.P..P....#
P.P..P.PP..P........#
..P.P.....PPPP..#...#
#..PPPPP..PP...###o##
#.P.P.PP..PP...# #o#
((...PPP.....P.# #.#
##.....P.......###.#
###.......P.....@)o#
# #...P..PP.P.######
####..P....#..#
..............#
.####...##.#.## .#
#...##.#.#
#####...##.#.#
............
........####


You could see an orc priest.

Vanquished Creatures
  A two-headed ogre (D:8)
  Pikel (D:6)
  Prince Ribbit (D:6)
  Grinder (D:3)
  The ghost of ohad the Charmwright, an amateur GnSk (D:3)
  Menkaure (D:6)
  Edmund (D:5)
  3 porcupines
  2 ice beasts
  Duvessa (D:5)
  A sky beast (D:7)
  A slave (D:6)
  2 orc warriors
  2 ogres
  A black bear (D:8)
  A phantom (D:8)
  A centaur (D:7)
  A crocodile (D:8)
  8 big kobolds
  2 bullfrogs
  Dowan (D:5)
  5 scorpions
  5 killer bees
  A wight (D:8)
  3 vampire bats (D:5)
  A howler monkey (D:4)
  3 crimson imps
  4 hounds
  4 jellies
  2 orc priests
  An iguana (D:6)
  3 orc wizards
  5 worker ants
  A hound skeleton (D:7)
  A worker ant zombie (D:6)
  Robin (D:2)
  12 adders
  3 gnolls (D:4)
  A howler monkey skeleton (D:6)
  5 river rats
  3 shadow imps
  4 oozes (Sewer)
  2 adder skeletons
  2 adder zombies
  11 worms
  2 dart slugs
  8 leopard geckos
  16 orcs
  5 bat skeletons (D:5)
  2 bat zombies (D:5)
  5 giant cockroaches
  7 hobgoblins
  4 jackals (D:6)
  2 quokkas
  7 ball pythons
  8 bats
  6 frilled lizards
  19 goblins
  13 kobolds
  A quokka skeleton (D:6)
  4 rats
226 creatures vanquished.

Vanquished Creatures (others)
  A howler monkey skeleton (D:6)
  22 fungi (D:8)
  2 plants (D:8)
25 creatures vanquished.

Grand Total: 251 creatures vanquished

Notes
Turn   | Place    | Note
-------+----------+-------------------------------------------
     0 | D:1      | grizmgrazm2 the Minotaur Monk began the quest for the Orb.
     0 | D:1      | Reached XP level 1. HP: 19/19 MP: 0/0
   181 | D:1      | Reached XP level 2. HP: 27/27 MP: 1/1
   420 | D:1      | Reached XP level 3. HP: 26/33 MP: 2/2
   731 | D:2      | Reached skill level 4 in Unarmed Combat
  1152 | D:2      | Noticed Robin
  1159 | D:2      | Reached XP level 4. HP: 35/40 MP: 3/3
  1161 | D:2      | Killed Robin
  1421 | D:3      | Reached skill level 5 in Unarmed Combat
  1624 | D:3      | Noticed Grinder
  1633 | D:3      | Killed Grinder
  1633 | D:3      | Reached skill level 6 in Unarmed Combat
  1633 | D:3      | Reached XP level 5. HP: 10/47 MP: 4/4
  1633 | D:3      | Reached XP level 6. HP: 11/53 MP: 5/5
  2283 | D:3      | Noticed ohad's ghost (amateur GnSk)
  2299 | D:3      | Killed ohad's ghost
  2299 | D:3      | Reached skill level 5 in Dodging
  2302 | D:3      | Gained mutation: Scrolls take you a little longer to read. [potion of mutation]
  2302 | D:3      | Gained mutation: You are agile. (Dex +2) [potion of mutation]
  2302 | D:3      | Gained mutation: You occasionally shout uncontrollably at your foes. [potion of mutation]
  2302 | D:3      | Gained mutation: You are partially covered in slimy green scales. (AC +2) [potion of mutation]
  2467 | D:4      | Reached skill level 7 in Unarmed Combat
  2470 | D:4      | Reached XP level 7. HP: 60/60 MP: 6/6
  2487 | D:4      | Got a fine whip
  2488 | D:4      | Identified the +6 whip "Killer Klown's Peril" {venom, +Inv rF+ Str-4} (You found it on level 4 of the Dungeon)
  2526 | D:4      | Found Rohoh's Antique Armour Shop.
  2791 | D:4      | Reached skill level 5 in Fighting
  2791 | D:4      | Reached skill level 8 in Unarmed Combat
  3211 | D:5      | Entered Level 5 of the Dungeon
  3221 | D:5      | Found a glowing golden altar of the Shining One.
  3227 | D:5      | Found a staircase to the Ecumenical Temple.
  3236 | Temple   | Entered the Ecumenical Temple
  3382 | D:5      | Found a glowing drain.
  3394 | Sewer    | Entered a sewer
  3481 | Sewer    | Reached XP level 8. HP: 61/68 MP: 7/7
  3507 | Sewer    | Reached skill level 9 in Unarmed Combat
  3842 | Sewer    | Reached skill level 10 in Unarmed Combat
  4345 | D:5      | Noticed Dowan
  4346 | D:5      | Noticed Duvessa
  4361 | D:5      | Killed Duvessa
  4371 | D:5      | Killed Dowan
  4493 | D:5      | Noticed Edmund
  4504 | D:5      | Killed Edmund
  4589 | D:5      | Found an ancient bone altar of Kikubaaqudgha.
  4794 | D:5      | Found a bloodstained altar of Trog.
  4829 | D:6      | Reached XP level 9. HP: 74/74 MP: 8/8
  4848 | D:6      | Noticed Prince Ribbit
  4859 | D:6      | Killed Prince Ribbit
  4859 | D:6      | Reached skill level 11 in Unarmed Combat
  4910 | D:6      | Noticed Pikel
  4940 | D:6      | Killed Pikel
  5209 | D:6      | Noticed Menkaure
  5212 | D:6      | Killed Menkaure
  5212 | D:6      | Reached skill level 12 in Unarmed Combat
  6093 | D:7      | Found an ornate altar of the Wu Jian Council.
  6096 | D:7      | Found a white marble altar of Elyvilon.
  6096 | D:7      | Found a glowing silver altar of Zin.
  6096 | D:7      | Found a basalt altar of Yredelemnul.
  6116 | D:7      | Became a worshipper of the Wu Jian Council
  6116 | D:7      | Reached * piety under Wu Jian
  6116 | D:7      | Reached ** piety under Wu Jian
  6131 | D:7      | Found a radiant altar of Vehumet.
  6131 | D:7      | Found an opulent altar of Gozag.
  6421 | D:7      | Got a pair of spiked gloves
  6432 | D:7      | Identified the cursed +0 pair of gloves of the Depths {+Inv rF+ rC-} (You found it on level 7 of the Dungeon)
  6949 | D:8      | Found a basalt altar of Yredelemnul.
  6959 | D:8      | Reached skill level 13 in Unarmed Combat
  6959 | D:8      | Reached XP level 10. HP: 76/83 MP: 9/9
  7096 | D:8      | Noticed a two-headed ogre
  7100 | D:8      | Killed a two-headed ogre
  7418 | D:8      | Found a staircase to the Lair.
  7493 | D:8      | Found an iron altar of Okawaru.
  7536 | D:8      | Reached skill level 14 in Unarmed Combat
  7557 | D:8      | Killed from afar by an orc priest

Vault maps used:
D:1:      sevenhm_arrival_forest_fort_small_1
D:2:      first_ration, minmay_misc_feat_four_crosses, grunt_ministairs_10,
          uniq_robin
D:3:      st_stairs_11, uniq_grinder
D:4:      serial_shops, shop
D:5:      kennysheep_vampire_church, lightli_temple_of_fire,
          minmay_temple_entry_trees, lightli_sewer_entry_pipes, tso_metal_star,
          uniq_edmund, uniq_duvessa
D:6:      grunt_tough_drop, uniq_prince_ribbit1, uniq_menkaure, uniq_pikel
D:7:      minmay_overflow_temple_hex
D:8:      okawaru_ov_weapons_minmay, due_lair_maze_entry_diamond, basic_altar
Temple:   dshaligram_water_room_temple
Sewer:    sewer_co_tree

Skill      XL: |  1  2  3  4  5  6  7  8  9 10 |
---------------+-------------------------------+-----
Fighting       | 4 5 6 |  6.1
Unarmed Combat | 4 6 7 8 10 13 14 | 14.1
Dodging        | 4 5 6 7 8 9 |  9.0
Stealth        | |  1.7

Action                   |  1- 3 |  4- 6 |  7- 9 | 10-12 || total
-------------------------+-------+-------+-------+-------++-------
Melee: Unarmed           |    99 |    98 |   357 |    99 ||   653
       Headbutt          |    12 |    20 |    71 |    19 ||   122
       Punch             |       |     2 |    16 |     9 ||    27
Invok: Wall Jump         |       |       |     3 |     9 ||    12
       Lunge             |       |       |     2 |     5 ||     7
       Whirlwind         |       |       |       |     4 ||     4
  Use: Scroll            |     6 |     3 |     9 |     1 ||    19
       Potion            |       |     4 |     2 |       ||     6
 Stab: Sleeping          |     4 |     2 |     6 |       ||    12
       Distracted        |       |       |     2 |       ||     2
  Eat: Chunk             |       |     5 |     8 |     1 ||    14
       Ration            |       |       |     2 |     1 ||     3
Armor: Robe              |     9 |    13 |    73 |    21 ||   116
Dodge: Dodged            |    49 |    64 |   220 |    74 ||   407
       Deflected         |       |       |     2 |     1 ||     3

Table legend:
 A = Spawn XP
 B = Non-spawn XP
 C = Spawn XP percentage of total XP
 D = Spawn monster count
 E = Non-spawn monster count
 F = Spawn count percentage of total count
 G = Total turns spent on level
                    A         B        C        D         E        F      G
               +---------+---------+-------+---------+---------+-------+---------
         Total |       0 |    8130 |   0.0 |       0 |     225 |   0.0 |  7557
               +---------+---------+-------+---------+---------+-------+---------
           D:1 |       0 |      46 |   0.0 |       0 |      28 |   0.0 |   693
           D:2 |       0 |      71 |   0.0 |       0 |      23 |   0.0 |   686
           D:3 |       0 |     560 |   0.0 |       0 |      27 |   0.0 |  1053
           D:4 |       0 |     546 |   0.0 |       0 |      17 |   0.0 |   779
           D:5 |       0 |     666 |   0.0 |       0 |      29 |   0.0 |   975
           D:6 |       0 |    1566 |   0.0 |       0 |      18 |   0.0 |   799
           D:7 |       0 |    1346 |   0.0 |       0 |      23 |   0.0 |  1496
           D:8 |       0 |    2514 |   0.0 |       0 |      32 |   0.0 |   438
         Sewer |       0 |     815 |   0.0 |       0 |      28 |   0.0 |   556
               +---------+---------+-------+---------+---------+-------+---------
